 Dungeon Crawl Stone Soup version 0.21-a0-442-g848f44b (webtiles) character file.

378 nikopol the Magician (level 6, 0/32 HPs)
             Began as a Deep Elf Fire Elementalist on Nov 14, 2017.
             Shot with an arrow by a centaur (4 damage)
             ... on level 4 of the Dungeon.
             The game lasted 00:13:24 (3971 turns).

nikopol the Magician (Deep Elf Fire Elementalist)   Turns: 3971, Time: 00:13:24

Health: 0/32       AC:  3    Str:  5    XL:     6   Next: 45%
Magic:  10/16      EV: 13    Int: 22    God:
Gold:   180        SH:  0    Dex: 15    Spells: 5/16 levels left

rFire    . . .     SeeInvis +   e - +0 dagger (holy)
rCold    . . .     Gourm    +   (no shield)
rNeg     . . .     Faith    .   a - +0 robe
rPois    .         Spirit   .   (no helmet)
rElec    .         Reflect  .   (no cloak)
rCorr    .         Harm     .   (no gloves)
MR       .....                  f - +0 pair of boots
Stlth    ++........             m - amulet of the gourmand
HPRegen  0.10/turn              n - ring of see invisible
MPRegen  0.15/turn              (no ring)

@: no status effects
A: no striking features
a: no special abilities


You were on level 4 of the Dungeon.
You were completely stuffed.

You visited 1 branch of the dungeon, and saw 4 of its levels.

You collected 180 gold pieces.

Inventory:

Hand Weapons
 e - a +0 dagger of holy wrath (weapon)
Armour
 a - a +0 robe (worn)
 f - a +0 pair of boots (worn)
Jewellery
 m - an amulet of the gourmand (around neck)
 n - a ring of see invisible (left hand)
 x - an uncursed amulet of rage {unknown}
 A - a cursed ring of teleportation {unknown}
 C - a +3 ring of strength {unknown}
Scrolls
 i - a scroll of magic mapping {unknown}
 k - a scroll of fog {unknown}
 r - 5 scrolls of identify {unknown}
 t - a scroll of blinking {unknown}
 u - 2 scrolls of enchant armour {unknown}
 v - 2 scrolls of enchant weapon {unknown}
 w - 2 scrolls of amnesia {unknown}
 y - a scroll of teleportation {unknown}
Potions
 g - 2 potions of agility
 j - a potion of heal wounds {unknown}
 l - 2 potions of degeneration {unknown}
 o - a potion of ambrosia {unknown}
 p - a potion of might {unknown}
 q - a potion of mutation {unknown}
 s - 2 potions of cancellation {unknown}
Books
 b - a book of Flames

   Spells                             Type                      Level
   a - Flame Tongue                   Conjuration/Fire             1
   b - Throw Flame                    Conjuration/Fire             2
   c - Conjure Flame                  Conjuration/Fire             3
   d - Inner Flame                    Hexes/Fire                   3
   e - Sticky Flame                   Conjuration/Fire             4
   f - Fireball                       Conjuration/Fire             5
Comestibles
 c - 2 bread rations
 d - a royal jelly
 h - 4 meat rations
 z - 4 fruits


   Skills:
 + Level 2.8 Dodging
 + Level 3.1 Stealth
 + Level 5.7 Spellcasting
 + Level 4.0 Conjurations
 + Level 5.0 Fire Magic


You had 5 spell levels left.
You knew the following spells:

 Your Spells              Type           Power        Failure   Level  Hunger
a - Flame Tongue          Conj/Fire      ####.        1%          1    None
b - Throw Flame           Conj/Fire      ####..       2%          2    None
c - Conjure Flame         Conj/Fire      ####....     4%          3    ##.....
d - Fireball              Conj/Fire      ####......   36%         5    #####..


Dungeon Overview and Level Annotations

Branches:
Dungeon (4/15)
 Temple: D:4-7

Altars:
Makhleb
Trog
Vehumet
Xom

Annotations:
D:4 exclusion: statue


Message History

An adder comes into view.
Casting: Throw Flame
Confirm with . or Enter, or press ? or * to list all spells.
Aiming: Throw Flame
Press: ? - help, Shift-Dir - straight line, f/p - centaur
Aim: a centaur, wielding a shortbow (heavily wounded)
The puff of flame hits the centaur.
The centaur is heavily wounded.
The adder hisses angrily.
The centaur shoots an arrow.
The arrow hits you!
The centaur shoots an arrow.
The arrow hits you!
* * * LOW HITPOINT WARNING * * *
Casting: Throw Flame
Confirm with . or Enter, or press ? or * to list all spells.
Aiming: Throw Flame
Press: ? - help, Shift-Dir - straight line, f/p - centaur
Aim: a centaur, wielding a shortbow (heavily wounded)
The puff of flame misses the centaur.
The centaur shoots an arrow.
The arrow hits you.
You die...

.#._.#...........>#.#.#
.#...#...........##.#.#
.#...#...##'#######.#........
.#...#...##'#######.#........
.##.##...#..........+.......[
.......###..........#........
###.#.## #..........#.....$..
###...####..........#....l...
.........<......@......c...##
....####[................
....'..'.................
....####.................
....# #.............S...
....# #.................
....# #......>......... ....#
#................ ....#
#........


You could see a centaur and an adder.

Vanquished Creatures
  An ogre (D:4)
  An orc wizard (D:3)
  2 orc priests
  2 worker ants (D:4)
  A hound skeleton (D:4)
  5 adders
  An ooze (D:3)
  An adder skeleton (D:4)
  2 worms
  A leopard gecko (D:1)
  13 orcs
  3 giant cockroaches
  9 goblins
  8 hobgoblins
  6 jackals (D:2)
  5 kobolds
  8 bats
  5 frilled lizards
  12 rats
86 creatures vanquished.

Notes
Turn   | Place    | Note
-------+----------+-------------------------------------------
     0 | D:1      | nikopol the Deep Elf Fire Elementalist began the quest for the Orb.
     0 | D:1      | Reached XP level 1. HP: 10/10 MP: 6/6
   255 | D:1      | Reached XP level 2. HP: 15/15 MP: 6/8
   944 | D:2      | Learned a level 2 spell: Throw Flame
  1041 | D:2      | Reached XP level 3. HP: 19/19 MP: 3/10
  1644 | D:2      | Found a bloodstained altar of Trog.
  1819 | D:3      | Found a shimmering altar of Xom.
  1822 | D:3      | Found a shimmering altar of Xom.
  1860 | D:3      | Reached XP level 4. HP: 22/24 MP: 4/12
  1871 | D:3      | Learned a level 3 spell: Conjure Flame
  2285 | D:3      | Reached XP level 5. HP: 28/28 MP: 11/14
  2296 | D:3      | Learned a level 5 spell: Fireball
  2303 | D:3      | Found a shimmering altar of Xom.
  2303 | D:3      | Found a shimmering altar of Xom.
  2782 | D:4      | Found a radiant altar of Vehumet.
  2782 | D:4      | Noticed a frost-covered statue
  3179 | D:4      | Reached skill level 5 in Spellcasting
  3179 | D:4      | Reached XP level 6. HP: 5/32 MP: 8/15
  3651 | D:4      | Reached skill level 5 in Fire Magic
  3893 | D:4      | Found a burning altar of Makhleb.
  3971 | D:4      | Shot with an arrow by a centaur

Vault maps used:
D:1:      sevenhm_arrival_forest_fort_large_2, minmay_tree_intersection
D:2:      nicolae_overflow_crystal_walls, first_bread, corexii_leaking_fountain
D:3:      xom_redecorated
D:4:      kennysheep_mini_moat, vehumet_statue,
          minmay_temple_entry_statues_pillars, minmay_misc_feat_more_columns

Skill      XL: |  1  2  3  4  5  6 |
---------------+-------------------+-----
Spellcasting   | 4 5 |  5.7
Conjurations   | 2 3 4 |  4.0
Fire Magic     | 4 5 |  5.0
Stealth        | 3 |  3.1
Dodging        | |  2.8

Action                   |  1- 3 |  4- 6 || total
-------------------------+-------+-------++-------
 Cast: Flame Tongue      |    79 |    81 ||   160
       Throw Flame       |       |    21 ||    21
       Conjure Flame     |       |     3 ||     3
  Eat: Chunk             |     3 |    22 ||    25
Armor: Robe              |     7 |     4 ||    11
Dodge: Dodged            |    25 |    21 ||    46

Table legend:
 A = Spawn XP
 B = Non-spawn XP
 C = Spawn XP percentage of total XP
 D = Spawn monster count
 E = Non-spawn monster count
 F = Spawn count percentage of total count
 G = Total turns spent on level
                    A         B        C        D         E        F      G
               +---------+---------+-------+---------+---------+-------+---------
         Total |       0 |     541 |   0.0 |       0 |      86 |   0.0 |  3971
               +---------+---------+-------+---------+---------+-------+---------
           D:1 |       0 |      26 |   0.0 |       0 |      17 |   0.0 |   924
           D:2 |       0 |      66 |   0.0 |       0 |      24 |   0.0 |   841
           D:3 |       0 |     146 |   0.0 |       0 |      27 |   0.0 |  1075
           D:4 |       0 |     303 |   0.0 |       0 |      18 |   0.0 |  1131
               +---------+---------+-------+---------+---------+-------+---------
